Cogmind - Beta 16 @@@ ROGUE MODE // 2025.11.30 @ 17:50:51 Player: unq Result: Destroyed by Striker with Plasma Lance Performance ------------- Evolutions (5) 2500 Regions Visited (23) 4600 Robots Destroyed (369) 1845 Value Destroyed (16377) 16377 Prototype IDs (68) 1360 Alien Tech Used (0) 0 Bonus (7010) 7010 TOTAL SCORE: 33692 Bonus ------- Triggered High Security 500 High Alert Combat Kills 2383 Follower Combat Kills 1027 Entered Garrisons 600 Aligned with FarCom 300 Met Data Miner 300 Acquired ECA 300 Met Warlord at Base 500 MAIN.C Attacked Warlord 500 Warlord Defense Kills 678 Friendly Fire -78 Cogmind --------- Core Integrity 0/1000 Matter 260/300 Energy 163/300 System Corruption 0% Temperature Cool (0) Movement Treading (163) Location -5/Warlord Parts ------- > --- POWER (1) -------- (None) > --- PROPULSION (6) --- Improved Treads Improved Treads Armored Treads Wheel Improved Diametric Drive > --- UTILITY (6) ------ Advanced Heat Sink Compact Battery Makeshift Salvage Targeting Computer Advanced Recoil Stabilizer EM Shield > --- WEAPON (4) ------- Vortex Rail Vortex Rail Phase Cannon Vortex Lance > --- INVENTORY (5) ---- Makeshift Light Armor Plating Guided Plasma Cannon Scatter Rocket Array Improved Plasma Cutter Vortex Lance (40) Peak State ------------ > --- POWER ------------ Neutrino Core > --- PROPULSION ------- Improved Treads Improved Treads Armored Treads Wheel Improved Diametric Drive > --- UTILITY ---------- Advanced Heat Sink Compact Battery Makeshift Salvage Targeting Computer Advanced Recoil Stabilizer Phase Shifter EM Shield > --- WEAPON ----------- Vortex Rail Vortex Rail Phase Cannon Vortex Lance > --- INVENTORY -------- Improved Heat Sink Makeshift Light Armor Plating Guided Plasma Cannon Scatter Rocket Array Vortex Lance [Rating: 86] Favorites ----------- Power Improved Deuterium Engine Engine Improved Deuterium Engine Power Core Light Fission Core Propulsion Light Treads Treads Light Treads Leg Aluminum Leg Wheel Wheel Flight Unit Cooled VTOL Module Utility Improved Heat Sink Device Improved Heat Sink Storage Large Storage Unit Processor Advanced Targeting Computer Hackware Improved Hacking Suite Protection Propulsion Shielding Weapon Heavy Assault Rifle Energy Gun Advanced Beam Rifle Energy Cannon Phase Cannon Ballistic Gun Heavy Assault Rifle Ballistic Cannon Enhanced Gauss Cannon Launcher Scatter Rocket Array Special Weapon Mining Laser Impact Weapon Heavy Flail Piercing Weapon Vortex Lance Special Melee Weapon Datajack Build | -11 -10 -10 -10 -9 -8 -8 -8 -8 -7 -7 -7 -7 -7 -7 -6 -6 -6 -6 -6 -5 -5 -5 -5 ------- Run | Yrd Mat Min Exi Min Mat Gar Mat Gar Fac Gar Fac Low Low Dat Pro Fac Ext Cet Arc Fac Upp Upp War Slots Evolved 10 | . . . . . 4 . . . 2 . . . . . . 2 . . . 2 . . . Power . | . . . . . . . . . . . . . . . . . . . . . . . . Propulsion 4 | . . . . . 1 . . . 1 . . . . . . 1 . . . 1 . . . Utility 4 | . . . . . 1 . . . 1 . . . . . . 1 . . . 1 . . . Weapon 2 | . . . . . 2 . . . . . . . . . . . . . . . . . . Parts Attached 248 | 7 9 10 1 1 32 5 18 8 15 12 33 1 6 . 2 27 23 1 . 8 14 6 9 Power 21 | 1 1 4 . . 2 . 2 . . 1 3 . 2 . . 3 1 . . . 1 . . Engine 12 | 1 1 4 . . 2 . 2 . . 1 1 . . . . . . . . . . . . Core 9 | . . . . . . . . . . . 2 . 2 . . 3 1 . . . 1 . . Reactor . | . . . . . . . . . . . . . . . . . . . . . . . . Propulsion 68 | 2 2 2 . . 10 4 7 5 4 4 11 . 1 . . 2 5 . . 2 4 2 1 Treads 47 | . 2 2 . . 9 4 7 5 4 4 6 . . . . . . . . . 3 1 . Leg 2 | 2 . . . . . . . . . . . . . . . . . . . . . . . Wheel 3 | . . . . . . . . . . . . . . . . . . . . 2 . 1 . Hover . | . . . . . . . . . . . . . . . . . . . . . . . . Flight 16 | . . . . . 1 . . . . . 5 . 1 . . 2 5 . . . 1 . 1 Utility 76 | 2 3 2 . . 5 . 4 . 4 3 11 1 1 . 1 11 13 . . 2 7 3 3 Device 41 | 1 1 2 . . 3 . 3 . 2 3 5 1 1 . . 5 6 . . 2 2 2 2 Storage 12 | 1 2 . . . . . 1 . 1 . 1 . . . . 1 1 . . . 4 . . Processor 14 | . . . . . 1 . . . . . 3 . . . . 2 6 . . . . 1 1 Hackware 6 | . . . . . 1 . . . 1 . 1 . . . . 3 . . . . . . . Protection 3 | . . . . . . . . . . . 1 . . . 1 . . . . . 1 . . Artifact . | . . . . . . . . . . . . . . . . . . . . . . . . Weapon 83 | 2 3 2 1 1 15 1 5 3 7 4 8 . 2 . 1 11 4 1 . 4 2 1 5 Energy Gun 24 | 1 . . . . 5 . 2 . 3 1 4 . 1 . 1 2 . . . . 1 . 3 Energy Cannon 3 | . . . . . 1 . . 1 . . . . . . . . . . . . . 1 . Ballistic Gun 40 | 1 2 2 . 1 7 1 3 1 3 3 3 . 1 . . 7 4 . . 1 . . . Ballistic Cannon 3 | . . . . . . . . . . . . . . . . . . . . 3 . . . Launcher 3 | . . . . . 1 . . 1 . . . . . . . . . 1 . . . . . Special Weapon 2 | . 1 . . . . . . . . . . . . . . . . . . . . . 1 Impact Weapon 5 | . . . . . 1 . . . 1 . 1 . . . . 1 . . . . 1 . . Slashing Weapon . | . . . . . . . . . . . . . . . . . . . . . . . . Piercing Weapon 1 | . . . . . . . . . . . . . . . . . . . . . . . 1 Special Melee Weapon 2 | . . . 1 . . . . . . . . . . . . 1 . . . . . . . Unidentified Prototypes 15 | . . . . . 4 . . . 2 . 1 . . . . 4 1 . . . . . 3 Corrupted Parts 5 | . . . . . . . . . . . . . . . . . . . . . 2 2 1 System Corruption 24 | . . . . . . . . . . . . . . . . . . . . . 7 11 6 Parts Lost 53 | . . 2 . . . . 1 1 3 6 12 . 1 . 1 1 7 4 2 6 . 2 4 Power 4 | . . . . . . . . . . . . . 1 . . . 1 . . 1 . . 1 Propulsion 17 | . . . . . . . . . 1 3 3 . . . . . 3 3 1 1 . . 2 Utility 13 | . . 1 . . . . . . . 1 3 . . . . 1 3 1 . 1 . 1 1 Weapon 19 | . . 1 . . . . 1 1 2 2 6 . . . 1 . . . 1 3 . 1 . Highest Loss Streak 7 | . . 1 . . . . 1 1 1 3 7 . 1 . 1 1 4 4 2 6 . 2 2 To Critical Strikes 2 | . . . . . . . . . . 1 . . . . . . . . 1 . . . . Average Backups 12 | 3 12 14 14 15 14 15 14 14 18 19 17 5 4 4 5 4 4 4 4 4 3 4 4 Power . | . . . 1 1 1 1 . 1 1 1 1 1 . . 1 . . . . . . . . Propulsion 4 | 1 3 4 4 4 4 7 7 8 9 8 7 2 1 . 1 . . . . . . . . Utility 1 | . 2 1 . . 1 . . . 2 2 3 . . . . . . . . . . . 1 Weapon 5 | . 5 7 9 9 7 7 6 5 5 7 4 2 2 4 2 3 3 4 4 4 2 3 2 Tool/Special . | . . . . . . . . . . . . . . . . . . . . . . . . Unused Backups 32 | . 3 2 . . 6 . 3 1 5 1 3 . . . . 2 . . . . . 2 4 Power 4 | . . . . . . . 1 1 . . . . . . . . . . . . . 1 1 Propulsion 7 | . . . . . 1 . . . 4 . 1 . . . . 1 . . . . . . . Utility 8 | . 2 1 . . 1 . . . . . 1 . . . . 1 . . . . . 1 1 Weapon 11 | . 1 1 . . 3 . 2 . 1 1 1 . . . . . . . . . . . 1 Tool/Special 2 | . . . . . 1 . . . . . . . . . . . . . . . . . 1 Average Slot Usage (%) 96 | . 99 99 100 100 97 100 99 99 98 99 99 100 97 82 99 99 97 84 67 64 47 81 92 Engine 6 | . 14 14 14 14 9 9 9 9 7 7 3 . . . . . . . . . . . . Core 1 | . . . . . . . . . . . 3 7 7 7 7 5 5 6 6 3 3 5 4 Treads 20 | . 18 28 28 28 26 27 26 26 30 29 25 . . . . . . . . . 11 21 17 Flight 6 | . . . . . . . . . . . 4 30 30 30 30 33 32 25 17 8 1 5 3 Device 12 | . 13 13 14 14 9 9 9 9 13 14 14 15 12 15 14 17 8 2 . 6 4 14 17 Storage 7 | . 14 14 14 14 9 9 9 9 7 7 5 . . . . . . . . . 11 13 6 Processor 6 | . . . . . 4 9 9 9 7 7 6 7 7 7 7 6 15 26 26 17 . 2 8 Energy Gun 6 | . 3 . . . 14 9 9 9 10 6 11 7 14 5 13 1 . . . . 3 1 7 Ballistic Gun 17 | . 22 27 15 26 17 21 26 22 15 20 13 15 14 7 15 19 24 22 11 4 . . . Impact Weapon 2 | . . . . . 1 5 . 4 3 2 3 7 . . . 4 . . 4 . 4 5 5 Peak Build Rating 86 | 7 10 13 13 14 36 33 35 38 46 52 54 55 54 49 50 78 79 57 50 78 52 63 86 Average Rating 40 | 4 9 10 12 13 29 33 32 33 39 47 46 53 49 39 48 68 73 47 40 57 31 50 69 On Entrance 35 | . 7 10 13 13 14 33 33 34 32 43 52 53 53 49 49 49 77 51 43 33 1 52 63 Avg Prop Armor Cover (%) 3 | . . . . . . . . . . . . . . . . 1 . . . 1 4 3 3 Naked Turns 228 | . . . . . . . . . . . . . . . . . . . . 145 83 . . Heaviest Build 72 | 11 39 34 34 34 43 42 42 48 66 72 72 21 22 21 21 28 26 21 16 39 33 41 49 Greatest Support 94 | 20 40 40 40 40 65 60 62 62 82 82 83 21 23 21 21 29 36 24 16 56 74 94 94 Greatest Overweight (x) 5 | . 1 . . . 1 . . . . . 1 . . . . 1 1 . 1 . 5 3 4 Average Overweight (x) . | . . . . . . . . . . . . . . . . . . . . . . . . Largest Inventory Capacity 20 | 8 15 15 15 15 15 15 15 15 20 20 20 5 5 5 5 5 5 5 5 5 5 5 5 Average Capacity 12 | 5 13 15 15 15 15 15 15 15 19 20 17 5 5 5 5 5 5 5 5 5 5 5 5 Most Carried 20 | 5 15 15 15 15 15 15 15 15 20 20 20 5 5 5 5 5 5 5 5 5 5 5 5 Average Carried 12 | 3 12 14 14 14 14 15 14 14 19 19 17 5 4 4 4 4 4 4 4 4 3 4 4 Final Capacity 20 | 8 15 15 15 15 15 15 15 15 20 20 5 5 5 5 5 5 5 5 5 5 5 5 5 Final Carried 20 | 5 15 15 15 15 15 15 15 15 20 19 5 5 5 5 5 5 5 5 5 3 5 5 5 Class Distribution -------------------- 29% | Scavenger-Skirmisher 24% | Skirmisher 13% | Scavenger-Mutant 10% | Mutant 8% | Scavenger-Sprinter 6% | Sprinter Dominant Class ---------------- Mutant | -10/Materials Mutant | -10/Mines Scavenger-Mutant | -10/Exiles Scavenger-Mutant | -9/Mines Skirmisher | -8/Materials Skirmisher | -8/Garrison Skirmisher | -8/Materials Skirmisher | -8/Garrison Scavenger-Skirmisher | -7/Factory Scavenger-Skirmisher | -7/Garrison Scavenger-Skirmisher | -7/Factory Scavenger-Sprinter | -7/Lower Caves Scavenger-Sprinter | -7/Lower Caves Scavenger-Sprinter | -7/Data Miner Scavenger-Sprinter | -6/Proximity Caves Sprinter | -6/Factory Commander-Sprinter | -6/Extension Scavenger-Scout | -6/Cetus Assassin | -6/Archives Skirmisher | -5/Factory Scavenger-Mutant | -5/Upper Caves Scavenger-Mutant | -5/Upper Caves Scavenger-Tank | -5/Warlord Resources | -11 -10 -10 -10 -9 -8 -8 -8 -8 -7 -7 -7 -7 -7 -7 -6 -6 -6 -6 -6 -5 -5 -5 -5 ----------- Run | Yrd Mat Min Exi Min Mat Gar Mat Gar Fac Gar Fac Low Low Dat Pro Fac Ext Cet Arc Fac Upp Upp War Matter Collected 13011 | 280 691 294 23 50 850 522 1184 608 751 1027 1316 115 246 . 340 1312 2206 . 224 6 539 345 82 Remotely 6 | . . . . . . . . . . . . . . . . . . . . 6 . . . Salvage Created 16829 | 180 630 490 . . 1078 1009 2157 1033 1064 1404 2025 26 247 . 129 1610 2686 20 224 . 389 216 212 Parts 812 | 14 36 29 . . 50 53 143 76 43 67 79 1 12 . 11 62 120 . 5 . 5 3 3 Haulers Intercepted 24 | . 2 . . . 2 . 3 . 1 . 2 . . . . 3 11 . . . . . . Recyclers Shooed 6 | . . . . . . . 1 . 4 . . . . . . . 1 . . . . . . Parts Field Recycled . | . . . . . . . . . . . . . . . . . . . . . . . . Retrieved Matter . | . . . . . . . . . . . . . . . . . . . . . . . . Parts Self-Destructed 23 | . . . . . . . . . . . . 1 9 . 9 . . . . . 4 . . Prevented 1 | . . . . . . . . . . . . . . . . . . . . . 1 . . Parts Restored . | . . . . . . . . . . . . . . . . . . . . . . . . Kills | -11 -10 -10 -10 -9 -8 -8 -8 -8 -7 -7 -7 -7 -7 -7 -6 -6 -6 -6 -6 -5 -5 -5 -5 ------- Run | Yrd Mat Min Exi Min Mat Gar Mat Gar Fac Gar Fac Low Low Dat Pro Fac Ext Cet Arc Fac Upp Upp War Combat Hostiles Destroyed 272 | . 10 9 . . 21 22 42 28 15 34 33 1 7 . 3 13 19 1 2 . 3 3 6 Guns 251 | . 10 9 . . 21 22 42 20 15 34 32 1 7 . 3 12 19 . 1 . . . 3 Cannons 5 | . . . . . . . . 4 . . . . . . . 1 . . . . . . . AOE 14 | . . . . . . . . 4 . . . . . . . . . 1 . . 3 3 3 Classes Destroyed 20 | 2 5 1 . . 3 1 1 1 . 2 1 . . . 1 1 1 . . . . . . Worker 13 | . . . . . 1 . 4 . 2 . 1 . . . . 1 4 . . . . . . Builder 7 | . . . . . . . 1 . . . 2 . . . . 1 3 . . . . . . Tunneler 6 | 4 . . . . . . . . . . 1 . . . . . 1 . . . . . . Hauler 24 | . 2 . . . 2 . 3 . 1 . 2 . . . . 3 11 . . . . . . Recycler 16 | 1 1 2 . . 1 . 1 . 3 . 2 . . . . 3 2 . . . . . . Mechanic 1 | . . . . . . . . . . . . . . . . 1 . . . . . . . Operator 6 | . 1 . . . . . . . . . 1 . . . . 2 . . 2 . . . . Watcher 23 | . 3 . . . 1 . 4 . . . 5 . . . . 6 3 1 . . . . . Swarmer 62 | . 3 3 . . 6 3 11 10 . 15 4 1 3 . . 2 1 . . . . . . Saboteur 2 | . . . . . . . . . . 1 . . . . . . . . . . . . 1 Grunt 92 | . 7 4 . . 6 13 16 5 3 7 15 . 3 . . . 10 . . . 2 . 1 Brawler 16 | . . . . . . 2 3 1 . . 6 . . . . . 1 . . . 1 . 2 Duelist 11 | . . . . . 1 . 3 1 1 2 1 . 1 . . . 1 . . . . . . Protector 2 | . . . . . . . . . . . 1 . . . 1 . . . . . . . . Sentry 49 | . . 2 . . 7 4 8 6 4 5 2 . . . 1 5 3 . 2 . . . . Demolisher 3 | . . . . . . . . . . . . . . . 1 . . . . . . . 2 Specialist 1 | . . . . . . . . . . 1 . . . . . . . . . . . . . Hunter 4 | . . . . . 1 . 1 . . . . . . . . 1 1 . . . . . . Programmer 27 | . . . . . . . . 5 7 3 4 . . . . 5 . . . . . 3 . Behemoth 2 | . . . . . . . . . . . . . . . . . 2 . . . . . . Cetus Guard 1 | . . . . . . . . . . . . . . . . . . 1 . . . . . Decomposer 3 | . . . . . . . . . . . . . . . . . . . . . 1 2 . Packrat 2 | . . . . . . . . . . . . . . . . . . . . . 2 . . Thug 1 | . . . . . . . . . . 1 . . . . . . . . . . . . . Best Kill Streak 8 | 5 6 3 . . 4 3 5 7 3 6 6 1 4 . 1 6 8 2 2 . 3 2 6 Combat Bots Only 7 | . 5 3 . . 4 3 5 7 2 6 5 1 4 . 1 2 3 1 1 . 3 2 6 Max Kills in Single Turn 4 | 1 2 2 . . 1 3 2 4 1 3 4 1 2 . 1 1 2 1 1 . 3 1 2 Gunslinging 2 | . 1 1 . . . 2 1 1 . 2 1 . 1 . . . . . . . . . . Exploded 4 | . . . . . . . . 4 . . . . . . . . . 1 . . 3 1 2 Melee . | . . . . . . . . . . . . . . . . . . . . . . . . Uniques/NPCs Destroyed . | . . . . . . . . . . . . . . . . . . . . . . . . Combat | -11 -10 -10 -10 -9 -8 -8 -8 -8 -7 -7 -7 -7 -7 -7 -6 -6 -6 -6 -6 -5 -5 -5 -5 -------- Run | Yrd Mat Min Exi Min Mat Gar Mat Gar Fac Gar Fac Low Low Dat Pro Fac Ext Cet Arc Fac Upp Upp War Hostile Shots Fired 1252 | . 60 44 . . 114 38 122 54 121 154 155 22 21 . 24 65 68 37 20 101 6 14 12 Missed 436 | . 21 19 . . 31 11 43 17 46 48 43 8 9 . 12 35 21 15 7 38 4 7 1 Hits 816 | . 39 25 . . 83 27 79 37 75 106 112 14 12 . 12 30 47 22 13 63 2 7 11 Melee 14 | . . . . . 1 . 1 . . . 10 . 1 . . . . . . . . . 1 Projectile 802 | . 39 25 . . 82 27 78 37 75 106 102 14 11 . 12 30 47 22 13 63 2 7 10 AOE 15 | . . . . . . . . . . . . . . . 5 . . . . 6 . . 4 Critical Strikes 45 | . . . . . 2 3 . 2 3 1 8 . . . . . 9 5 2 9 . 1 . Damage Taken 13694 | . 420 317 . . 1127 404 1037 486 982 1260 1885 249 199 . 292 468 955 638 292 1779 115 303 486 Core 2426 | . 91 30 . . 158 . 109 . 74 86 225 56 27 . 42 108 114 188 87 868 25 49 89 Absorbed by Shields 12 | . . . . . . . . . . . . . . . 12 . . . . . . . . Redirected to Shielding 31 | . . . . . . . . . . . . 11 9 . 10 1 . . . . . . . Ignored by Resistances 56 | . . . . . . . . . . . . . . . . . . . . . . 37 19 Regen/Repaired (Parts) 733 | . . . . . 48 . 205 . 75 . 94 . . . . 166 37 . . . . . 108 Core Remaining (%) 54 | 100 . . . 51 . . . 51 . . . . . . 27 . . . 41 . . . . Volleys Fired 777 | 20 64 28 . 10 73 40 82 50 46 60 65 9 16 . 20 49 106 7 13 1 1 4 13 Largest 4 | 2 2 2 . 2 4 4 4 4 4 4 4 2 4 . 4 4 4 4 3 4 1 2 3 Hottest 213 | 60 140 100 . 123 200 134 134 134 213 178 213 50 190 . 188 143 102 102 120 152 50 115 175 Shots Fired 2448 | 40 114 54 . 18 227 128 327 148 158 218 241 17 42 . 53 169 412 14 17 4 2 6 39 Gun 2360 | 40 104 53 . 10 208 128 327 139 156 218 241 17 39 . 50 167 412 9 11 2 1 2 26 Cannon 36 | . . . . . . . . 8 2 . . . 3 . . 2 . . 6 2 . . 13 Launcher 15 | . . . . . 1 . . 1 . . . . . . 3 . . 5 . . 1 4 . Special 37 | . 10 1 . 8 18 . . . . . . . . . . . . . . . . . . Kinetic 1801 | 20 88 53 . 10 117 88 245 97 96 161 143 17 26 . 40 164 412 9 11 4 . . . Thermal 603 | 20 26 1 . 8 109 40 82 50 62 57 98 . 16 . 10 5 . . 6 . . . 13 Explosive 15 | . . . . . 1 . . 1 . . . . . . 3 . . 5 . . 1 4 . Electromagnetic 3 | . . . . . . . . . . . . . . . . . . . . . 1 2 . Entropic 26 | . . . . . . . . . . . . . . . . . . . . . . . 26 Robot Hit Streak 36 | 5 12 10 . . 19 17 25 36 24 32 28 3 8 . 6 14 19 12 9 1 3 1 6 Robot Miss Streak 14 | 2 5 2 . . 3 4 3 3 3 4 3 3 5 . 5 4 5 4 . 1 2 14 2 Penetration Max 2 | . . . . . . . . . . 1 2 . . . . 1 1 . . . . . 1 Secondary Targets 42 | . 3 1 . . 1 7 8 5 . 11 4 . 1 . . . 1 . . . . . . Max Gunslinging Chain 2 | . 1 1 . . 1 2 1 1 . 2 1 . 1 . . . 1 . . . . . . Shots Hit Robots 1544 | 26 54 38 7 . 126 83 227 85 126 151 177 8 27 . 26 104 213 10 17 2 7 7 23 Core Hits 824 | 9 27 17 . . 44 40 96 41 49 76 107 2 28 . 21 45 108 68 5 1 12 12 16 Critical Kills 3 | . . . . . . 1 . . . . . . . . . 1 1 . . . . . . Critical Parts Destroyed 27 | . 2 . . . . 1 1 . 2 1 2 . . . . 5 3 . 3 . 1 3 3 Critical Strikes 52 | . 2 . . . 7 2 5 2 6 1 6 . . . . 6 4 . 3 1 1 3 3 Burn 20 | . . . . . 7 . 4 1 4 . 4 . . . . . . . . . . . . Destroy 15 | . 2 . . . . 2 1 1 2 . 1 . . . . 2 4 . . . . . . Blast 1 | . . . . . . . . . . . . . . . . . . . . 1 . . . Smash 13 | . . . . . . . . . . 1 1 . . . . 4 . . 3 . 1 3 . Detonate 3 | . . . . . . . . . . . . . . . . . . . . . . . 3 Melee Attacks 393 | . . . 7 . 4 57 7 55 32 47 46 2 . . . 110 2 . 13 . 7 4 . Impact 386 | . . . . . 4 57 7 55 32 47 46 2 . . . 110 2 . 13 . 7 4 . Slashing . | . . . . . . . . . . . . . . . . . . . . . . . . Piercing . | . . . . . . . . . . . . . . . . . . . . . . . . Sneak Attacks 27 | . . . 6 . 1 . . . 5 . 1 . . . . 7 . . 2 . 3 2 . Combat Hostiles . | . . . . . . . . . . . . . . . . . . . . . . . . Follow-up Attacks . | . . . . . . . . . . . . . . . . . . . . . . . . Damage Inflicted 37971 | 270 850 613 . 1 2207 1350 3966 1993 3259 3395 5165 135 514 . 616 3133 5519 1452 783 44 817 628 1261 Guns 30010 | 270 833 580 . . 2131 1350 3930 1589 2575 3097 4104 135 406 . 473 1985 5519 103 161 15 . . 754 Cannons 889 | . . . . . . . . 269 67 . . . 108 . . 86 . . 187 26 . . 146 Explosions 3289 | . . . . . . . . 135 . 89 569 . . . 143 . . 1349 . . 276 367 361 Melee 3523 | . . . . . 65 . . . 558 209 492 . . . . 962 . . 435 . 541 261 . Ramming 260 | . 17 33 . 1 11 . 36 . 59 . . . . . . 100 . . . 3 . . . Kinetic 20973 | 93 766 580 . . 926 945 2660 1161 1362 1872 2148 135 232 . 345 1924 5519 103 161 41 . . . Thermal 9462 | 177 67 . . . 1205 405 1270 697 1280 1225 2065 . 282 . 128 147 . . 187 . . . 327 Explosive 2999 | . . . . . . . . 135 . 89 460 . . . 143 . . 1349 . . 276 367 180 Electromagnetic . | . . . . . . . . . . . . . . . . . . . . . . . . Impact 3523 | . . . . . 65 . . . 558 209 492 . . . . 962 . . 435 . 541 261 . Slashing . | . . . . . . . . . . . . . . . . . . . . . . . . Piercing . | . . . . . . . . . . . . . . . . . . . . . . . . Entropic 754 | . . . . . . . . . . . . . . . . . . . . . . . 754 Highest Corruption 26 | . . . . . . . . 4 1 1 26 26 26 26 26 5 7 7 7 5 12 24 24 Average Corruption 7 | . . . . . . . . 3 1 1 7 26 26 26 26 4 5 7 7 3 10 20 22 Corruption Purged . | . . . . . . . . . . . . . . . . . . . . . . . . Corruption Blocked . | . . . . . . . . . . . . . . . . . . . . . . . . Effects 374 | . . . . . . . . 33 12 14 79 12 20 2 31 32 53 2 3 4 32 38 7 Message Errors 76 | . . . . . . . . 8 4 3 15 . 8 1 8 6 7 1 . . 4 10 1 Matter Fused 86 | . . . . . . . . 9 4 2 22 2 5 . 5 9 8 . 1 . 8 7 4 Heat Flow Errors 33 | . . . . . . . . 1 1 1 5 . 2 . 2 4 9 . . . 5 3 . Energy Discharges 56 | . . . . . . . . 4 2 2 14 3 2 . 1 3 8 . 1 3 4 8 1 Parts Rejected 5 | . . . . . . . . 1 . . 1 . . . 1 1 1 . . . . . . Parts Fused 9 | . . . . . . . . 2 . . 1 . . . 2 1 1 . 1 . . . 1 Data Loss (minor) 36 | . . . . . . . . 2 . 2 6 2 1 1 5 1 3 . . . 7 6 . Data Loss (major) 28 | . . . . . . . . 1 . 1 7 2 . . 4 3 4 . . 1 3 2 . Misfires 14 | . . . . . . . . 3 . 1 3 . . . 1 1 2 1 . . 1 1 . Alerts 7 | . . . . . . . . . 1 1 . . . . . 2 2 . . . . 1 . Misdirections 5 | . . . . . . . . . . . . 2 1 . 2 . . . . . . . . Weapon Failures 19 | . . . . . . . . 2 . 1 5 1 1 . . 1 8 . . . . . . Overload Shots . | . . . . . . . . . . . . . . . . . . . . . . . . Overflow Damage 1875 | . . . . . 40 . . 1 212 70 190 . . . . 509 . . 276 . 327 250 . Projectiles 1 | . . . . . . . . 1 . . . . . . . . . . . . . . . Explosions 87 | . . . . . . . . . . . 84 . . . . . . . . . . 3 . Melee 1787 | . . . . . 40 . . . 212 70 106 . . . . 509 . . 276 . 327 247 . Knockbacks 14 | . 1 1 . . . . 1 . 2 2 . . . . . 5 . . 1 1 . . . Impact 12 | . 1 1 . . . . 1 . 2 1 . . . . . 5 . . 1 . . . . Kinetic 1 | . . . . . . . . . . . . . . . . . . . . 1 . . . Secondary 1 | . . . . . . . . . . 1 . . . . . . . . . . . . . Self-Inflicted Damage 427 | . . . . . . . . . . . . . . . . 100 . 48 . 1 68 210 . Shots 15 | . . . . . . . . . . . . . . . . . . 3 . . 3 9 . Rammed 22 | . 4 5 . 1 3 . 4 . 3 . . . . . . . . . . 2 . . . Targets Rammed 23 | . 4 5 . 1 4 . 4 . 3 . . . . . . . . . . 2 . . . Kicked . | . . . . . . . . . . . . . . . . . . . . . . . . Crushed 1 | . . . . . 1 . . . . . . . . . . . . . . . . . . Highest Temperature 346 | 20 80 20 . . 346 153 136 162 106 122 241 . 230 . 172 233 264 88 330 30 255 173 84 Average Temperature 49 | 9 14 9 . . 66 44 38 28 10 17 44 . 39 . 44 53 58 26 175 19 94 78 34 Received Heat Transfer 2757 | . 174 132 . . 468 279 387 45 174 219 450 . 27 . 18 27 99 27 54 168 . . 9 Siege Activations . | . . . . . . . . . . . . . . . . . . . . . . . . Martial Activations . | . . . . . . . . . . . . . . . . . . . . . . . . Shielding Activations . | . . . . . . . . . . . . . . . . . . . . . . . . Robots Disrupted . | . . . . . . . . . . . . . . . . . . . . . . . . Combat Hostiles . | . . . . . . . . . . . . . . . . . . . . . . . . Robots Corrupted 13 | . . . . . . . . . . 1 1 . . . . 7 . . 2 . 2 . . Combat Hostiles 2 | . . . . . . . . . . . . . . . . . . . 1 . 1 . . Parts Fried 18 | . . . . . . . . . 2 . 1 . . . . 8 . . 6 . 1 . . Impact Corruptions 58 | . . . . . 1 . . . 4 2 2 . . . . 17 . . 7 . 12 13 . Robots Melted 1 | . . . . . . . . . . . 1 . . . . . . . . . . . . Combat Hostiles 1 | . . . . . . . . . . . 1 . . . . . . . . . . . . Parts Melted 34 | . . . . . 4 . 2 1 8 5 14 . . . . . . . . . . . . Heat Transferred 19733 | 400 150 . . . 3071 888 2812 1374 2768 2675 4140 . 425 . 85 210 . . 400 . . . 335 Parts Sabotaged . | . . . . . . . . . . . . . . . . . . . . . . . . Parts Stolen . | . . . . . . . . . . . . . . . . . . . . . . . . Parts Stripped . | . . . . . . . . . . . . . . . . . . . . . . . . Power Chain Reactions . | . . . . . . . . . . . . . . . . . . . . . . . . Alert | -11 -10 -10 -10 -9 -8 -8 -8 -8 -7 -7 -7 -7 -7 -7 -6 -6 -6 -6 -6 -5 -5 -5 -5 ------- Run | Yrd Mat Min Exi Min Mat Gar Mat Gar Fac Gar Fac Low Low Dat Pro Fac Ext Cet Arc Fac Upp Upp War Maximum Alert Level 5 | . . . . . 1 3 2 4 3 5 5 . . . . 1 2 1 . . . . . Low Security (%) 47 | 100 100 100 . 100 91 39 44 . 12 4 . . . . . 83 34 . 100 100 . . . Level 1 18 | . . . . . 8 16 35 13 64 11 . . . . . 16 29 100 . . . . . Level 2 11 | . . . . . . 25 20 18 13 33 . . . . . . 35 . . . . . . Level 3 4 | . . . . . . 18 . 22 9 6 3 . . . . . . . . . . . . Level 4 14 | . . . . . . . . 44 . 25 84 . . . . . . . . . . . . Level 5 2 | . . . . . . . . . . 19 10 . . . . . . . . . . . . High Security . | . . . . . . . . . . . 1 . . . . . . . . . . . . Max Security . | . . . . . . . . . . . . . . . . . . . . . . . . Peak Influence 2109 | 10 154 76 . 32 257 895 489 1595 837 2109 1720 . . . . 280 657 271 103 110 . . . Initial 1106 | . . 46 . . . 14 436 196 837 191 1106 . . . . 12 112 249 95 20 . . . Average 435 | 1 27 14 . 1 47 375 261 957 344 1010 1438 . . . . 95 277 249 74 9 . . . Influence Increases 12682 | 25 407 221 . 37 659 881 1169 1409 669 2038 1803 170 205 . 85 970 1251 60 54 154 150 85 180 Destroy 0b10 Robot/C 6060 | . 200 180 . . 420 440 840 660 360 860 720 20 140 . 60 260 600 20 40 . 60 60 120 Destroy 0b10 Robot/NC 525 | 25 35 10 . . 25 . 65 . 40 5 80 . . . 5 85 125 5 10 . 5 5 . Destroy Leader 1070 | . 60 30 . . 126 10 214 30 132 50 164 . 20 . . 128 76 . . . 10 20 . Allied During Kill 483 | . . . . . . . . 35 15 117 64 . . . 5 . 247 . . . . . . Successful Hack 467 | . 41 . . . 34 . 8 34 68 . 142 . . . . 89 51 . . . . . . Select Force Hacks 60 | . 60 . . . . . . . . . . . . . . . . . . . . . . Disable Machine 360 | . . . . . . 15 . 15 15 15 210 . . . . 45 45 . . . . . . Anti-Garrison Action 1850 | . . . . . . 350 . 500 . 800 200 . . . . . . . . . . . . Destroy Structure 667 | . 11 1 . 7 24 66 12 75 24 176 103 . . . . 93 32 35 4 4 . . . Partial Spotted 165 | . . . . . . . . . 15 . 45 . . . . 105 . . . . . . . Lose Combat Pursuer 975 | . . . . 30 30 . 30 60 . 15 75 150 45 . 15 165 75 . . 150 75 . 60 Influence Decreases 12542 | 25 288 340 . 37 636 9 1762 116 1990 203 2192 737 410 948 64 760 1036 267 234 103 230 115 40 Entered New Map 4851 | . . 73 . . . 9 459 106 758 83 1003 637 220 948 . 9 119 197 144 39 41 6 . Time Decay 4823 | 25 288 247 . 37 384 . 693 . 722 . 709 100 180 . 44 450 482 30 70 64 189 89 20 Search Patrol Dispatched 100 | . . . . . . . . . . . . . . . . 100 . . . . . . . Lost Part 440 | . . 20 . . . . 10 10 30 60 120 . 10 . . 10 70 40 20 . . 20 20 Lost Ally 421 | . . . . . . . . . 30 60 60 . . . 20 30 221 . . . . . . Purge Threat 1907 | . . . . . 252 . 600 . 450 . 300 . . . . 161 144 . . . . . . Squads Dispatched 69 | . 3 . . 1 1 . 11 . 11 . 18 . . . . 17 4 . . 3 . . . Investigation 20 | . 2 . . 1 . . 2 . 2 . 5 . . . . 7 1 . . . . . . Extermination 22 | . . . . . . . . . 6 . 6 . . . . 9 . . . 1 . . . Reinforcement 13 | . 1 . . . 1 . 2 . 2 . 2 . . . . 1 2 . . 2 . . . Assault 7 | . . . . . . . . . 1 . 5 . . . . . 1 . . . . . . Garrison 7 | . . . . . . . 7 . . . . . . . . . . . . . . . . Intercept . | . . . . . . . . . . . . . . . . . . . . . . . . Searches Triggered 1 | . . . . . . . . . . . . . . . . 1 . . . . . . . Unchained Authorized 2 | . . . . . . . . . . . . . . . . . 1 . . 1 . . . Construction Impeded 2 | . . . . . . . . . . . . . . . . . 2 . . . . . . Haulers Reinforced 1 | . . . . . . . . . 1 . . . . . . . . . . . . . . Active Scanning Responses . | . . . . . . . . . . . . . . . . . . . . . . . . Cargo Convoy Interrupts . | . . . . . . . . . . . . . . . . . . . . . . . . Stealth | -11 -10 -10 -10 -9 -8 -8 -8 -8 -7 -7 -7 -7 -7 -7 -6 -6 -6 -6 -6 -5 -5 -5 -5 --------- Run | Yrd Mat Min Exi Min Mat Gar Mat Gar Fac Gar Fac Low Low Dat Pro Fac Ext Cet Arc Fac Upp Upp War Distress Signals 40 | . . . . . 8 . 4 . . . 1 . . . 15 1 5 . . 1 . . 5 Communications Jammed . | . . . . . . . . . . . . . . . . . . . . . . . . Distress Signals . | . . . . . . . . . . . . . . . . . . . . . . . . Times Spotted 437 | . 19 11 . 1 36 22 54 29 22 40 52 9 12 . 8 36 35 5 4 19 8 3 12 Peak Tracking Total 10 | . 4 3 . 3 6 4 5 4 4 8 7 8 4 . 2 5 4 5 2 10 3 2 9 Tactical Retreats 36 | . . . . 1 2 . 2 3 . 1 4 4 1 . 1 5 3 . . 5 3 . 1 Traps | -11 -10 -10 -10 -9 -8 -8 -8 -8 -7 -7 -7 -7 -7 -7 -6 -6 -6 -6 -6 -5 -5 -5 -5 ------- Run | Yrd Mat Min Exi Min Mat Gar Mat Gar Fac Gar Fac Low Low Dat Pro Fac Ext Cet Arc Fac Upp Upp War Traps Triggered 16 | . . . . . . 2 2 2 . 2 3 . . . 2 . 2 . . . . . 1 Indirectly . | . . . . . . . . . . . . . . . . . . . . . . . . Trap Hack Attempts . | . . . . . . . . . . . . . . . . . . . . . . . . Triggered . | . . . . . . . . . . . . . . . . . . . . . . . . Disarmed . | . . . . . . . . . . . . . . . . . . . . . . . . Reprogrammed . | . . . . . . . . . . . . . . . . . . . . . . . . Reused . | . . . . . . . . . . . . . . . . . . . . . . . . Traps Extracted . | . . . . . . . . . . . . . . . . . . . . . . . . Installed . | . . . . . . . . . . . . . . . . . . . . . . . . Triggered . | . . . . . . . . . . . . . . . . . . . . . . . . Machines | -11 -10 -10 -10 -9 -8 -8 -8 -8 -7 -7 -7 -7 -7 -7 -6 -6 -6 -6 -6 -5 -5 -5 -5 ---------- Run | Yrd Mat Min Exi Min Mat Gar Mat Gar Fac Gar Fac Low Low Dat Pro Fac Ext Cet Arc Fac Upp Upp War Machines Disabled 50 | . . . . 1 . 5 . 6 1 12 14 . . . . 3 6 . . . . . 2 Max in Single Turn 5 | . . . . 1 . 1 . 1 1 2 5 . . . . 1 2 . . . . . 1 Garrison Access 2 | . . . . . . . . . . . 1 . . . . 1 . . . . . . . Garrison Relay 16 | . . . . . . 3 . 4 . 9 . . . . . . . . . . . . . Phase Generator 1 | . . . . . . . . . . 1 . . . . . . . . . . . . . Energy Cycler 1 | . . . . . . . . . . . . . . . . . 1 . . . . . . Machines Repaired . | . . . . . . . . . . . . . . . . . . . . . . . . Machines Dismantled . | . . . . . . . . . . . . . . . . . . . . . . . . Machines Sabotaged . | . . . . . . . . . . . . . . . . . . . . . . . . Overloaded Fab Kills . | . . . . . . . . . . . . . . . . . . . . . . . . Hacking | -11 -10 -10 -10 -9 -8 -8 -8 -8 -7 -7 -7 -7 -7 -7 -6 -6 -6 -6 -6 -5 -5 -5 -5 --------- Run | Yrd Mat Min Exi Min Mat Gar Mat Gar Fac Gar Fac Low Low Dat Pro Fac Ext Cet Arc Fac Upp Upp War Machines Accessed 142 | . 9 . 2 1 14 2 14 4 14 2 22 . . 4 . 39 8 1 . 1 . . 5 Terminals 78 | . 7 . . . 11 2 9 4 7 2 9 . . . . 18 7 1 . 1 . . . Fabricators 10 | . . . . . . . . . 1 . 6 . . . . 3 . . . . . . . Repair Stations 12 | . . . . . 1 . 2 . 1 . 2 . . . . 6 . . . . . . . Recycling Units 11 | . 2 . . . . . . . 2 . 1 . . . . 5 1 . . . . . . Scanalyzers 11 | . . . . . 1 . 2 . 2 . 2 . . . . 4 . . . . . . . Garrison Access 8 | . . . . . 1 . 1 . 1 . 2 . . . . 3 . . . . . . . Total Hacks 401 | . 29 . 5 1 51 3 40 12 44 4 66 . . 26 . 95 15 2 . 2 . . 6 Successful 214 | . 20 . 5 1 28 . 20 3 17 1 30 . . 26 . 44 11 1 . 1 . . 6 Failed 184 | . 9 . . . 22 3 19 9 27 3 35 . . . . 51 4 1 . 1 . . . Catastrophic 36 | . . . . . 3 1 4 2 3 . 9 . . . . 13 . . . 1 . . . Database Lockouts 3 | . . . . . 1 . 1 . . . 1 . . . . . . . . . . . . Manual 145 | . 23 . 1 . 19 . 22 1 10 . 27 . . . . 32 8 . . 1 . . 1 Terminals 225 | . 26 . . . 42 3 24 12 29 4 25 . . . . 42 14 2 . 2 . . . Fabricators 32 | . . . . . . . . . 5 . 15 . . . . 12 . . . . . . . Repair Stations 30 | . . . . . 2 . 6 . 2 . 5 . . . . 15 . . . . . . . Recycling Units 17 | . 3 . . . . . . . 3 . 1 . . . . 9 1 . . . . . . Scanalyzers 42 | . . . . . 6 . 9 . 4 . 14 . . . . 9 . . . . . . . Garrison Access 17 | . . . . . 1 . 1 . 1 . 6 . . . . 8 . . . . . . . Terminal Hacks 106 | . 11 . 5 1 17 . 7 2 9 1 5 . . 26 . 8 7 1 . . . . 6 Record 21 | . . . 4 . . . . . . . . . . 11 . . . 1 . . . . 5 Part Schematic 12 | . 1 . . . 2 . . . . . . . . 8 . . 1 . . . . . . Robot Schematic 5 | . . . . . 1 . . . . . . . . 4 . . . . . . . . . Robot Analysis 6 | . 2 . . . 2 . . . 2 . . . . . . . . . . . . . . Prototype ID Bank 8 | . 3 . . . 2 . . . . . . . . 3 . . . . . . . . . Open Door 6 | . . . . 1 . . . 1 . 1 . . . . . . 2 . . . . . 1 Open DSF 1 | . . . . . . . . . . . . . . . . 1 . . . . . . . Branch Access Points 1 | . . . . . . . . . . . . . . . . 1 . . . . . . . Emergency Access Points 1 | . . . . . 1 . . . . . . . . . . . . . . . . . . Terminal Index 2 | . 1 . . . 1 . . . . . . . . . . . . . . . . . . Fabricator Index 3 | . . . . . 1 . 1 . . . 1 . . . . . . . . . . . . Unreport Threat 15 | . . . . . 2 . 4 . 3 . 2 . . . . 2 2 . . . . . . Locate Traps 11 | . 2 . . . 2 . . . 2 . 2 . . . . 1 2 . . . . . . Recall Investigation 1 | . . . . . . . . . . . . . . . . 1 . . . . . . . Recall Extermination 1 | . . . . . . . . . . . . . . . . 1 . . . . . . . Recall Reinforcements 1 | . . . . . . . 1 . . . . . . . . . . . . . . . . Hauler Manifests 4 | . 1 . . . 2 . 1 . . . . . . . . . . . . . . . . Registered Components 3 | . . . . . 1 . . . 1 . . . . . . 1 . . . . . . . Zone Layout 2 | . 1 . . . . . . . 1 . . . . . . . . . . . . . . Patrol Navigation 1 | . . . . . . . . 1 . . . . . . . . . . . . . . . Proto ID Catalog 1 | . . . 1 . . . . . . . . . . . . . . . . . . . . Fabricator Hacks 16 | . . . . . . . . . 3 . 6 . . . . 7 . . . . . . . Network Status 1 | . . . . . . . . . . . . . . . . 1 . . . . . . . Load Schematic 10 | . . . . . . . . . 2 . 4 . . . . 4 . . . . . . . Build 5 | . . . . . . . . . 1 . 2 . . . . 2 . . . . . . . Repair Station Hacks 20 | . . . . . 2 . 4 . . . 3 . . . . 11 . . . . . . . Scan Component 13 | . . . . . 1 . 3 . . . 2 . . . . 7 . . . . . . . Repair 7 | . . . . . 1 . 1 . . . 1 . . . . 4 . . . . . . . Recycling Unit Hacks 4 | . . . . . . . . . . . . . . . . 3 1 . . . . . . Retrieve Components 4 | . . . . . . . . . . . . . . . . 3 1 . . . . . . Scanalyzer 28 | . . . . . 5 . 7 . 1 . 10 . . . . 5 . . . . . . . Insert Component 9 | . . . . . 1 . 3 . . . 5 . . . . . . . . . . . . Analyze 8 | . . . . . 1 . 3 . . . 4 . . . . . . . . . . . . Retrieve Study 11 | . . . . . 3 . 1 . 1 . 1 . . . . 5 . . . . . . . Garrison Access Hacks 4 | . . . . . 1 . 1 . 1 . . . . . . 1 . . . . . . . Unlock Access 3 | . . . . . 1 . 1 . 1 . . . . . . . . . . . . . . Seal Access 1 | . . . . . . . . . . . . . . . . 1 . . . . . . . Unauthorized Hacks 36 | . 9 . . . 3 . 1 1 3 . 6 . . . . 9 3 . . 1 . . . Terminals 28 | . 7 . . . 3 . 1 1 2 . 4 . . . . 6 3 . . 1 . . . Assimilate 5 | . . . . . . . . . . . 1 . . . . 3 1 . . . . . . Botnet 18 | . 2 . . . 3 . 1 1 2 . 3 . . . . 3 2 . . 1 . . . Skim 5 | . 5 . . . . . . . . . . . . . . . . . . . . . . Fabricators 4 | . . . . . . . . . 1 . 1 . . . . 2 . . . . . . . Prioritize 2 | . . . . . . . . . 1 . . . . . . 1 . . . . . . . Recompile 2 | . . . . . . . . . . . 1 . . . . 1 . . . . . . . Repair Stations . | . . . . . . . . . . . . . . . . . . . . . . . . Recycling Units 3 | . 2 . . . . . . . . . . . . . . 1 . . . . . . . Mask 1 | . . . . . . . . . . . . . . . . 1 . . . . . . . Tunnel 2 | . 2 . . . . . . . . . . . . . . . . . . . . . . Scanalyzers . | . . . . . . . . . . . . . . . . . . . . . . . . Garrison Access 1 | . . . . . . . . . . . 1 . . . . . . . . . . . . Jam 1 | . . . . . . . . . . . 1 . . . . . . . . . . . . Data Cores Recovered . | . . . . . . . . . . . . . . . . . . . . . . . . Used . | . . . . . . . . . . . . . . . . . . . . . . . . Hacking Detections 112 | . 6 . . . 13 2 13 4 13 1 19 . . . . 32 7 1 . 1 . . . Full Trace Events 12 | . . . . . . . . 2 1 . 3 . . . . 6 . . . . . . . Feedback Events . | . . . . . . . . . . . . . . . . . . . . . . . . Feedback Blocked . | . . . . . . . . . . . . . . . . . . . . . . . . Robot Schematics Acquired 5 | . . . . . 1 . . . . . . . . 4 . . . . . . . . . Robots Built 3 | . . . . . . . . . 1 . 1 . . . . 1 . . . . . . . Authchips 2 | . . . . . . . . . 1 . 1 . . . . . . . . . . . . Time 174 | . . . . . . . . . 58 . 58 . . . . 58 . . . . . . . Total Robot Build Rating 9 | . . . . . . . . . 3 . 3 . . . . 3 . . . . . . . Part Schematics Acquired 20 | . 1 . . . 3 . 3 . . . 4 . . 8 . . 1 . . . . . . Parts Built 3 | . . . . . . . . . . . 2 . . . . 1 . . . . . . . Authchips 1 | . . . . . . . . . . . . . . . . 1 . . . . . . . Time 188 | . . . . . . . . . . . 36 . . . . 152 . . . . . . . Total Part Build Rating 11 | . . . . . . . . . . . 6 . . . . 5 . . . . . . . Part Studies Acquired 10 | . . . . . 2 . 1 . 1 . 1 . . . . 5 . . . . . . . Parts Repaired 7 | . . . . . 1 . 1 . . . 1 . . . . 4 . . . . . . . Time 244 | . . . . . 32 . 53 . . . 19 . . . . 140 . . . . . . . Parts Recycled . | . . . . . . . . . . . . . . . . . . . . . . . . Recycled Matter . | . . . . . . . . . . . . . . . . . . . . . . . . Retrieved Matter . | . . . . . . . . . . . . . . . . . . . . . . . . Retrieved Components 19 | . . . . . . . . . . . . . . . . 16 3 . . . . . . Parts Scanalyzed 8 | . . . . . 1 . 3 . . . 4 . . . . . . . . . . . . Part Schematics Acquired 8 | . . . . . 1 . 3 . . . 4 . . . . . . . . . . . . Parts Damaged 1 | . . . . . . . 1 . . . . . . . . . . . . . . . . Bothacking | -11 -10 -10 -10 -9 -8 -8 -8 -8 -7 -7 -7 -7 -7 -7 -6 -6 -6 -6 -6 -5 -5 -5 -5 ------------ Run | Yrd Mat Min Exi Min Mat Gar Mat Gar Fac Gar Fac Low Low Dat Pro Fac Ext Cet Arc Fac Upp Upp War Used RIF Installer . | . . . . . . . . . . . . . . . . . . . . . . . . Robots Hacked 5 | . . . 5 . . . . . . . . . . . . . . . . . . . . Non-combat 3 | . . . 3 . . . . . . . . . . . . . . . . . . . . Combat 2 | . . . 2 . . . . . . . . . . . . . . . . . . . . Robot Hacks Applied 6 | . . . 6 . . . . . . . . . . . . . . . . . . . . parse_system 6 | . . . 6 . . . . . . . . . . . . . . . . . . . . Relay Couplers Released 69 | . . . . . . 13 . 13 3 40 . . . . . . . . . . . . . Machine Destruction 66 | . . . . . . 13 . 13 . 40 . . . . . . . . . . . . . Programmers 3 | . . . . . . . . . 3 . . . . . . . . . . . . . . Fabnet Peak Effective % . | . . . . . . . . . . . . . . . . . . . . . . . . Robots Rewired 18 | . . . . . . . . . . 6 . . . . . . 12 . . . . . . Allies Hacked 4 | . . . . . . . . . 2 1 . . . . . 1 . . . . . . . Hacks Repelled . | . . . . . . . . . . . . . . . . . . . . . . . . Allies | -11 -10 -10 -10 -9 -8 -8 -8 -8 -7 -7 -7 -7 -7 -7 -6 -6 -6 -6 -6 -5 -5 -5 -5 -------- Run | Yrd Mat Min Exi Min Mat Gar Mat Gar Fac Gar Fac Low Low Dat Pro Fac Ext Cet Arc Fac Upp Upp War Total Allies 34 | . . . . . . . . 2 1 8 2 . . . 1 4 16 . . . . . . Largest Group 13 | . . . . . . . . 2 2 5 3 . . . 1 2 13 . . . . . . Highest-Rated Group 375 | . . . . . . . . 70 67 237 36 . . . 96 36 375 . . . . . . Highest-Rated Ally 96 | . . . . . . . . 39 39 80 23 . . . 96 26 39 . . . . . . Initial Warlord ECA Mod 28 | . . . . . . . 7 7 14 14 28 28 28 28 27 27 27 27 27 26 26 26 26 Total Orders 49 | . . . . . . . . . 4 4 5 . . . . 18 18 . . . . . . STAY 26 | . . . . . . . . . 2 2 3 . . . . 10 9 . . . . . . FOLLOW 17 | . . . . . . . . . . 2 1 . . . . 8 6 . . . . . . AID 6 | . . . . . . . . . 2 . 1 . . . . . 3 . . . . . . Ally Attacks 255 | . . . . . . . . 27 16 42 67 . . . 5 . 98 . . . . . . Total Damage 4149 | . . . . . . . . 372 264 1175 674 . . . 168 . 1496 . . . . . . Kills 42 | . . . . . . . . 5 5 9 6 . . . 1 . 16 . . . . . . Allies Corrupted 1 | . . . . . . . . . . . . . . . . . 1 . . . . . . Allies Melted 1 | . . . . . . . . . . . . . . . . . . . . . . . 1 Intel | -11 -10 -10 -10 -9 -8 -8 -8 -8 -7 -7 -7 -7 -7 -7 -6 -6 -6 -6 -6 -5 -5 -5 -5 ------- Run | Yrd Mat Min Exi Min Mat Gar Mat Gar Fac Gar Fac Low Low Dat Pro Fac Ext Cet Arc Fac Upp Upp War Active Infowar (turns) 4089 | 41 1625 1048 . . . . . . . . . . . . . 23 652 68 141 491 . . . Optics 1346 | . . . . . . . . . . . . . . . . . 652 68 141 485 . . . Traps 23 | . . . . . . . . . . . . . . . . 23 . . . . . . . Seismic 2714 | 41 1625 1048 . . . . . . . . . . . . . . . . . . . . . T.N.C. 729 | . . . . . . . . . . . . . . . . . 29 68 141 491 . . . ECM 2 | . . . . . . . . . . . . . . . . . 2 . . . . . . Robot Analysis Total 6 | . 2 . . . 2 . . . 2 . . . . . . . . . . . . . . Derelict Logs Recovered 12 | . . 1 . 2 . . . . . . . 2 2 . 2 . . . . . 2 1 . Drone Launches . | . . . . . . . . . . . . . . . . . . . . . . . . Drone Recoveries . | . . . . . . . . . . . . . . . . . . . . . . . . Exploration | -11 -10 -10 -10 -9 -8 -8 -8 -8 -7 -7 -7 -7 -7 -7 -6 -6 -6 -6 -6 -5 -5 -5 -5 ------------- Run | Yrd Mat Min Exi Min Mat Gar Mat Gar Fac Gar Fac Low Low Dat Pro Fac Ext Cet Arc Fac Upp Upp War Turns Passed 33969 | 130 1682 1438 1024 936 2733 2098 2843 1883 3421 2198 3212 205 375 36 607 3358 1588 68 141 636 912 910 1535 Spaces Moved 28463 | 52 878 800 632 553 1336 942 1261 989 1758 1072 2513 654 1107 98 1257 6032 3539 153 115 496 788 535 903 Core 688 | 5 . . . . . . . . . . . . . . . . . . . 284 399 . . Treads 12998 | . 576 800 632 553 1336 942 1261 989 1758 1072 1295 . . . . . . . . . 389 534 861 Legs 349 | 47 302 . . . . . . . . . . . . . . . . . . . . . . Wheels 244 | . . . . . . . . . . . . . . . . . . . . 201 . 1 42 Hover . | . . . . . . . . . . . . . . . . . . . . . . . . Flight 14184 | . . . . . . . . . . . 1218 654 1107 98 1257 6032 3539 153 115 11 . . . Fastest Speed 11 | 50 120 160 160 160 155 163 158 155 156 156 26 26 23 26 26 21 11 23 29 32 50 125 125 Average Speed 88 | 113 146 160 160 160 158 163 160 156 157 156 94 26 25 26 26 24 24 26 30 69 106 161 161 Slowest Speed 300 | 120 190 160 160 160 245 163 163 158 160 156 240 26 26 26 26 88 104 29 97 100 300 162 163 Overloaded Moves 89 | . . . . . . . . . . . . . 22 . . 6 21 40 . . . . . Propulsion Burnouts . | . . . . . . . . . . . . . . . . . . . . . . . . Robots Hopped 73 | . . . . . . . . . . . 2 . 1 . 1 26 43 . . . . . . Potential Cave-ins 4 | . . . . . . . . . . . . . . . . . . 4 . . . . . Cave-ins Triggered . | . . . . . . . . . . . . . . . . . . . . . . . . Exploration Rate (%) 73 | 5 82 99 91 91 84 70 81 85 32 87 48 74 95 70 81 89 98 72 74 12 78 67 91 Regions Visited 23 Branch Regions 13 Pre-discovered Areas 9 | . 3 . 1 2 . . . . . . . 1 . 1 . . . . . . 1 . . Known Exits Taken 7 | . 1 . . . 1 . 1 . 1 . 1 . . . 1 1 . . . . . . . Unknown Exits Taken 13 | 1 . 1 1 1 . . . . . . . 1 1 1 . . 1 1 1 1 1 1 . Scrap Searched 11 | . . 2 . 1 . . . . . . . 2 1 . 1 . . . . . 3 1 . Spaces Dug 275 | . 8 1 . 5 16 26 7 37 21 24 36 . . . . 90 . . 4 . . . . Terrain Destroyed 956 | . 10 1 . 7 27 26 7 40 21 113 158 . . . . 91 28 161 5 1 43 142 75 Melee 247 | . . . . . 3 26 7 37 21 24 35 . . . . 90 . . 4 . . . . Projectile 97 | . 10 1 . 7 16 . . . . 10 25 . . . . . 2 . 1 1 . . 24 AOE 611 | . . . . . 8 . . 3 . 79 98 . . . . . 26 161 . . 43 142 51 Terrain Rammed 1 | . . . . . . . . . . . . . . . . 1 . . . . . . . Walls Destroyed 1 | . . . . . . . . . . . . . . . . 1 . . . . . . . Machines Disabled . | . . . . . . . . . . . . . . . . . . . . . . . . Actions | -11 -10 -10 -10 -9 -8 -8 -8 -8 -7 -7 -7 -7 -7 -7 -6 -6 -6 -6 -6 -5 -5 -5 -5 --------- Run | Yrd Mat Min Exi Min Mat Gar Mat Gar Fac Gar Fac Low Low Dat Pro Fac Ext Cet Arc Fac Upp Upp War Total 34791 | 84 1141 900 641 569 1766 1341 1899 1148 2258 1376 3110 670 1166 110 1499 7590 4040 165 180 780 842 565 951 Wait 4228 | . 153 40 . 1 251 278 488 22 355 125 388 2 26 . 199 1296 269 3 27 266 26 1 12 Move 28301 | 51 877 799 631 552 1335 941 1260 988 1758 1071 2508 653 1104 97 1254 5981 3456 152 114 495 787 534 903 Hop 67 | . . . . . . . . . . . 2 . 1 . 1 24 39 . . . . . . Pick Up 108 | 6 16 4 1 1 13 . 6 3 13 7 7 . 2 2 . 9 7 . . 1 2 5 3 Fast Attach 148 | 6 3 . . . 12 1 4 2 7 . 14 2 4 2 4 33 20 . . 7 13 6 8 Attach 78 | 1 2 2 . . 6 . 2 2 6 6 17 . 3 2 1 5 8 1 4 4 2 4 . Detach 46 | . 1 . . . 2 . . 1 2 . 6 . 2 3 1 10 5 1 5 2 2 2 1 Swap 257 | . 10 13 1 3 30 19 24 20 21 28 31 . 3 . . 36 9 1 3 1 2 . 2 Drop 222 | . 11 9 1 1 36 5 22 5 15 10 26 2 5 4 2 35 17 . 1 1 . 5 9 Fire 777 | 20 64 28 . 10 73 40 82 50 46 60 65 9 16 . 20 49 106 7 13 1 1 4 13 Melee 393 | . . . 7 . 4 57 7 55 32 47 46 2 . . . 110 2 . 13 . 7 4 . Ram 3 | . . . . . . . . . . . . . . . . 1 . . . 2 . . . Kick . | . . . . . . . . . . . . . . . . . . . . . . . . Crush 21 | . 4 5 . 1 4 . 4 . 3 . . . . . . . . . . . . . . Escape Stasis 41 | . . . . . . . . . . . . . . . 17 . 24 . . . . . . Rewire 101 | . . . . . . . . . . 22 . . . . . 1 78 . . . . . . Trap . | . . . . . . . . . . . . . . . . . . . . . . . . Miscellaneous . | . . . . . . . . . . . . . . . . . . . . . . . . Route ------- -11/Scrapyard -10/Materials (discovered 5 exits: *Mat x3 / *Min / *Sub) -10/Mines (discovered 4 exits: *Mat x2 / *Exi / *Sub) -10/Exiles -9/Mines (discovered 2 exits: *Mat x2) -8/Materials (discovered 3 exits: *Fac x2 / Gar) -8/Garrison (discovered 3 exits: *Fac x2 / *Mat) -8/Materials (discovered 4 exits: *Fac x3 / Gar) -8/Garrison (discovered 4 exits: *Fac x3 / [*Mat]) -7/Factory -7/Garrison (discovered 4 exits: *Fac x4) -7/Factory (discovered 4 exits: *Fac / *Sto / *Low x2) -7/Lower Caves -7/Lower Caves (discovered 2 exits: *Fac / *Dat) -7/Data Miner -6/Proximity Caves -6/Factory (discovered 6 exits: *Fac x2 / *Low x2 / *Ext x2) -6/Extension (discovered 3 exits: *Fac x2 / *Cet) -6/Cetus (discovered 2 exits: *Fac / [*Arc]) -6/Archives -5/Factory -5/Upper Caves -5/Upper Caves (discovered 2 exits: [*Fac] / *War) -5/Warlord (discovered 1 exit: [*Pro]) History --------- Turn | Location | Event 3 | -11/Scrapyard | Discovered new exit (range 15) 131 | -11/Scrapyard | Entered Materials 339 | -10/Materials | Build established: Mutant 457 | -10/Materials | Discovered new exit (range 15) 559 | -10/Materials | Discovered new exit (range 16) 797 | -10/Materials | Learned location of 1 exit from Storage 830 | -10/Materials | Learned location of Storage (-7) 853 | -10/Materials | Learned Storage stockpile data 870 | -10/Materials | Loaded intel: 26 trap records 871 | -10/Materials | Identified exit to Materials 872 | -10/Materials | Identified exit to Subcaves 872 | -10/Materials | Identified exit to Mines 1813 | -10/Materials | Entered Mines 1813 | -10/Mines | Discovered exit to Materials (range 12) 1983 | -10/Mines | Found DCF Scrap (14 items) 2362 | -10/Mines | Found a damaged Exp. Sensor Array with a note attached 2496 | -10/Mines | Found a hidden stash of uninstalled traps 2517 | -10/Mines | Deemed a non-threat by the Exiles lab entrance 2519 | -10/Mines | Discovered new exit (range 5) 2834 | -10/Mines | Discovered exit to Materials (range 8) 3010 | -10/Mines | Joined a pair of Derelicts in attacking an 0b10 outpost 3072 | -10/Mines | Discovered exit to Subcaves (range 10) 3251 | -10/Mines | Entered Exiles 3290 | -10/Exiles | Met 8R-AWN 3296 | -10/Exiles | Build established: Scavenger-Mutant 3319 | -10/Exiles | Met EX-HEX 3450 | -10/Exiles | Met EX-DEC 3511 | -10/Exiles | Visited The Gauntlet 3728 | -10/Exiles | Met EX-BIN 3756 | -10/Exiles | Aligned with FarCom system 3758 | -10/Exiles | Given EX-Vault access code 3798 | -10/Exiles | Opened EX-Vault 3808 | -10/Exiles | Found Gui. Plasma Cannon 3839 | -10/Exiles | Warned to stay clear of 0b10 Research branches 3897 | -10/Exiles | Learned location of Zion (-6) 4251 | -10/Exiles | Discovered new exit (range 14) 4275 | -10/Exiles | Left Exiles lab with Gui. Plasma Cannon 4275 | -10/Exiles | Entered Mines 4339 | -9/Mines | Discovered new exit (range 10) 4435 | -9/Mines | Met a Derelict bent on vengeance 4701 | -9/Mines | Learned 4 Materials zone layouts 4701 | -9/Mines | Discovered new exit (range 6) 4770 | -9/Mines | Found a Scrap Suit stashed away for nefarious purposes 4859 | -9/Mines | Met a Derelict shopkeep closing up shop 5211 | -9/Mines | Entered Materials 5211 | -8/Materials | Evolved 4 slots: Propulsion x1, Utility x1, Weapon x2 5212 | -8/Materials | Identified exit to Factory 5521 | -8/Materials | Build established: Scavenger-Skirmisher 6061 | -8/Materials | Repaired Hvy. Assault Rifle 6220 | -8/Materials | Identified exit to Garrison 6518 | -8/Materials | Build established: Skirmisher 6792 | -8/Materials | Discovered exit to Factory (range 9) 7575 | -8/Materials | Central database locked down 7944 | -8/Materials | Entered Garrison 8096 | -8/Garrison | Triggered checkpoint 8120 | -8/Garrison | Triggered checkpoint 8175 | -8/Garrison | Garrison Relay disabled 8665 | -8/Garrison | Triggered checkpoint 8850 | -8/Garrison | Discovered exit to Factory (range 15) 8932 | -8/Garrison | Triggered checkpoint 8972 | -8/Garrison | Garrison Relay disabled 8987 | -8/Garrison | Triggered checkpoint 9036 | -8/Garrison | Discovered new exit (range 5) 9299 | -8/Garrison | Triggered checkpoint 9473 | -8/Garrison | Garrison Relay disabled 9521 | -8/Garrison | Triggered checkpoint 9556 | -8/Garrison | Discovered exit to Factory (range 15) 10042 | -8/Garrison | Entered Materials 10334 | -8/Materials | Repaired Broken Arm. Treads 10587 | -8/Materials | Garrison activated, responded to threat 10628 | -8/Materials | Identified exit to Garrison 10652 | -8/Materials | Discovered exit to Factory (range 15) 11009 | -8/Materials | Garrison activated, responded to threat 11209 | -8/Materials | Garrison activated, responded to threat 11595 | -8/Materials | Build established: Scavenger-Skirmisher 11606 | -8/Materials | Central database locked down 11834 | -8/Materials | Discovered exit to Factory (range 9) 12169 | -8/Materials | Discovered exit to Factory (range 16) 12272 | -8/Materials | Build established: Skirmisher 12885 | -8/Materials | Entered Garrison 12967 | -8/Garrison | Triggered checkpoint 13038 | -8/Garrison | Garrison Relay disabled 13290 | -8/Garrison | Triggered checkpoint 13316 | -8/Garrison | Discovered new exit (range 6) 13424 | -8/Garrison | Triggered checkpoint 13527 | -8/Garrison | Destroyed 7 combat bots 13612 | -8/Garrison | Discovered exit to Factory (range 8) 13643 | -8/Garrison | Triggered checkpoint 13666 | -8/Garrison | Garrison Relay disabled 13726 | -8/Garrison | Rescued a captive Derelict 13736 | -8/Garrison | Rescued a captive Derelict 13823 | -8/Garrison | Triggered checkpoint 13949 | -8/Garrison | Discovered exit to Factory (range 13) 14009 | -8/Garrison | Triggered checkpoint 14037 | -8/Garrison | Garrison Relay disabled 14430 | -8/Garrison | Build established: Scavenger-Skirmisher 14499 | -8/Garrison | Triggered checkpoint 14519 | -8/Garrison | Garrison Relay disabled 14570 | -8/Garrison | Discovered exit to Factory (range 10) 14768 | -8/Garrison | Entered Factory 14768 | -7/Factory | Accompanied by 2 allies 14768 | -7/Factory | Evolved 2 slots: Propulsion x1, Utility x1 15168 | -7/Factory | First assault squad dispatched 15445 | -7/Factory | P-60 Hacker assimilated allied QE-CQ0(g) 15913 | -7/Factory | Fabricated M-28 Smith (x1) 18189 | -7/Factory | Identified exit to Garrison 18189 | -7/Factory | Entered Garrison 18342 | -7/Garrison | Triggered checkpoint 18378 | -7/Garrison | Garrison Relay disabled 18533 | -7/Garrison | Triggered checkpoint 18588 | -7/Garrison | Triggered checkpoint 18733 | -7/Garrison | Triggered checkpoint 18795 | -7/Garrison | Garrison Relay disabled 18967 | -7/Garrison | Discovered new exit (range 10) 19138 | -7/Garrison | Found embedded Infiltrators 19261 | -7/Garrison | Triggered checkpoint 19343 | -7/Garrison | Garrison Relay disabled 19357 | -7/Garrison | Garrison Relay disabled 19371 | -7/Garrison | Garrison Relay disabled 19451 | -7/Garrison | Discovered new exit (range 12) 19473 | -7/Garrison | Triggered checkpoint 19610 | -7/Garrison | Garrison Relay disabled 19659 | -7/Garrison | Triggered checkpoint 19670 | -7/Garrison | P-60 Hacker assimilated allied 7M-8AZ(h) 19691 | -7/Garrison | Discovered new exit (range 6) 19818 | -7/Garrison | Build established: Skirmisher 19853 | -7/Garrison | Triggered checkpoint 19962 | -7/Garrison | Garrison Relay disabled 20019 | -7/Garrison | Lost 3 parts (2n1w) 20027 | -7/Garrison | Triggered checkpoint 20132 | -7/Garrison | Discovered new exit (range 12) 20237 | -7/Garrison | Phase Generator disabled 20237 | -7/Garrison | Spotted B-75 Beast 20387 | -7/Garrison | Entered Factory 20387 | -7/Factory | Accompanied by 3 allies 20787 | -7/Factory | First assault squad dispatched 20977 | -7/Factory | Build established: Scavenger-Skirmisher 21481 | -7/Factory | Discovered new exit (range 14) 21785 | -7/Factory | Discovered new exit (range 15) 22752 | -7/Factory | Repaired Minigun+ 22958 | -7/Factory | Fabricated M-28 Smith? 23035 | -7/Factory | System corruption reached 10% 23067 | -7/Factory | Core integrity fell below 50% 23105 | -7/Factory | Lost 7 parts (2n3u2w) 23375 | -7/Factory | Identified exit to Storage 23386 | -7/Factory | Identified exit to Lower Caves 23419 | -7/Factory | Discovered new exit (range 7) 23423 | -7/Factory | Build established: Scavenger-Sprinter 23437 | -7/Factory | Central database locked down 23457 | -7/Factory | Discovered exit to Lower Caves (range 12) 23475 | -7/Factory | Allied Derelicts emerged from ambush trap array 23551 | -7/Factory | Fabricated Minigun (x2) 23564 | -7/Factory | High security lockdown imminent 23599 | -7/Factory | Entered Lower Caves 23602 | -7/Lower Caves | Learned Factory trap positions 23624 | -7/Lower Caves | Met a Warlord Commander 23625 | -7/Lower Caves | Learned location of Warlord (-5) 23626 | -7/Lower Caves | Warlord Commander delivered Encrypted Comm Array 23627 | -7/Lower Caves | Found Encrypted Comm Array 23661 | -7/Lower Caves | Attracted the attention of an 0b10 outpost 23712 | -7/Lower Caves | Learned 8 Factory zone layouts 23802 | -7/Lower Caves | Discovered new exit (range 10) 23804 | -7/Lower Caves | Entered another Lower Caves area 23828 | -7/Lower Caves | Learned Factory trap positions 23897 | -7/Lower Caves | Learned Factory emergency access door positions 23977 | -7/Lower Caves | Discovered new exit (range 10) 24135 | -7/Lower Caves | Discovered new exit (range 15) 24179 | -7/Lower Caves | Entered Data Miner 24183 | -7/Data Miner | Discovered new exit (range 6) 24188 | -7/Data Miner | Met Data Miner 24194 | -7/Data Miner | Learned location of Section 7 (-2) 24194 | -7/Data Miner | Acquired the access code to Warlord's prototype stash 24198 | -7/Data Miner | Received God Mode back door access code from Data Miner 24215 | -7/Data Miner | Entered Proximity Caves 24217 | -6/Proximity Caves | Attracted the attention of an 0b10 checkpoint 24241 | -6/Proximity Caves | Spotted B-75 Beast 24325 | -6/Proximity Caves | Identified exit to Factory 24371 | -6/Proximity Caves | Found DCF Scrap (13 items) 24452 | -6/Proximity Caves | Escorted by Enhanced Grunt 24592 | -6/Proximity Caves | Received a Behemoth hack from an annoying Tinkerer 24822 | -6/Proximity Caves | Entered Factory 24822 | -6/Factory | Evolved 2 slots: Propulsion x1, Utility x1 24824 | -6/Factory | Loaded intel: 70 trap records 25280 | -6/Factory | Discovered new exit (range 9) 25593 | -6/Factory | Build established: Sprinter 26215 | -6/Factory | Build established: Scavenger-Sprinter 26589 | -6/Factory | Found Scatter Rocket Array 26600 | -6/Factory | Identified exit to Lower Caves 26600 | -6/Factory | Identified exit to Extension 26739 | -6/Factory | Repaired Propulsion Shielding 26773 | -6/Factory | Repaired Autogun+ 26799 | -6/Factory | Build established: Sprinter 26806 | -6/Factory | Repaired Autogun+ 27067 | -6/Factory | Repaired Lgt. Fission Core+ 27351 | -6/Factory | Discovered new exit (range 11) 27622 | -6/Factory | Search patrols dispatched 27726 | -6/Factory | Fabricated Cld. Cesium-ion Thruster? 27798 | -6/Factory | Found Exp. Targeting Computer 27819 | -6/Factory | Build established: Hacker-Sprinter 27987 | -6/Factory | Fabricated M-28 Smith (x1) 28180 | -6/Factory | Entered Extension 28180 | -6/Extension | Accompanied by 1 ally 28250 | -6/Extension | Energy Cycler disabled 28250 | -6/Extension | Rescued a captive Derelict 28250 | -6/Extension | Rescued a captive Derelict 28251 | -6/Extension | Rescued a captive Derelict 28252 | -6/Extension | Rescued a captive Derelict 28264 | -6/Extension | Rescued a captive Derelict 28492 | -6/Extension | Spotted B-75 Beast 28530 | -6/Extension | Disrupted transfer network 28531 | -6/Extension | Destroyed B-75 Beast 28553 | -6/Extension | Destroyed B-75 Beast 28596 | -6/Extension | Discovered new exit (range 15) 28627 | -6/Extension | Build established: Sprinter 28668 | -6/Extension | Extracted ID and sensor layout for unrecognized location from A7's data core 29196 | -6/Extension | Lost 3 allies 29249 | -6/Extension | Build established: Commander-Sprinter 29328 | -6/Extension | Discovered new exit (range 22) 29328 | -6/Extension | Discovered new exit (range 20) 29402 | -6/Extension | Unchained authorized (6S-H0T) 29580 | -6/Extension | First assault squad dispatched 29656 | -6/Extension | Lost 4 parts (1p1n2u) 29768 | -6/Extension | Entered Cetus 29773 | -6/Cetus | Spotted Cetus Guard 29773 | -6/Cetus | Spotted Cetus Guard 29773 | -6/Cetus | Spotted Cetus Guard 29773 | -6/Cetus | Spotted Cetus Guard 29795 | -6/Cetus | Destroyed Cetus Guard 29804 | -6/Cetus | Discovered new exit (range 22) 29826 | -6/Cetus | Lost 4 parts (3n1u) 29830 | -6/Cetus | Discovered new exit (range 21) 29836 | -6/Cetus | Entered Archives 29912 | -6/Archives | Core integrity fell below 50% 29973 | -6/Archives | Discovered new exit (range 14) 29977 | -6/Archives | Entered Factory 29977 | -5/Factory | Evolved 2 slots: Propulsion x1, Utility x1 29978 | -5/Factory | Loaded intel: 121 trap records 30174 | -5/Factory | Unchained authorized (6S-H0T) 30241 | -5/Factory | Build established: Skirmisher 30468 | -5/Factory | Released all parts (6) 30498 | -5/Factory | Lost 6 parts (1p1n1u3w) 30524 | -5/Factory | Core integrity fell below 50% 30552 | -5/Factory | Core integrity fell below 20% 30599 | -5/Factory | Discovered new exit (range 7) 30613 | -5/Factory | Entered Upper Caves 30760 | -5/Upper Caves | Build established: Mutant 30795 | -5/Upper Caves | Encountered a Warlord checkpoint 30807 | -5/Upper Caves | Attracted the attention of an 0b10 checkpoint 30856 | -5/Upper Caves | System corruption reached 10% 31291 | -5/Upper Caves | Build established: Scavenger-Mutant 31336 | -5/Upper Caves | Discovered new exit (range 6) 31525 | -5/Upper Caves | Entered another Upper Caves area 31600 | -5/Upper Caves | Discovered new exit (range 14) 32037 | -5/Upper Caves | Learned location of 1 exit from Factory 32396 | -5/Upper Caves | Discovered new exit (range 16) 32435 | -5/Upper Caves | Entered Warlord 32476 | -5/Warlord | Discovered new exit (range 15) 32548 | -5/Warlord | System corruption cleaned by Quarantine Array 32580 | -5/Warlord | System corruption cleaned by Quarantine Array 32630 | -5/Warlord | Received a Watcher feed algorithm from an ecstatic Tinkerer 32872 | -5/Warlord | Opened Warlord's prototype stash 33140 | -5/Warlord | Warlord's base attacked by MAIN.C 33163 | -5/Warlord | Found Prototype Energy Gun 33163 | -5/Warlord | Identified Vortex Rail 33168 | -5/Warlord | Found Prototype Piercing Weapon 33168 | -5/Warlord | Identified Vortex Lance 33171 | -5/Warlord | Found Vortex Rail 33177 | -5/Warlord | Found Vortex Lance 33307 | -5/Warlord | Met Warlord 33479 | -5/Warlord | Build established: Scavenger-Tank 33490 | -5/Warlord | Warlord forces counterattacked 33815 | -5/Warlord | Warlord base infiltrated, sounded retreat 33897 | -5/Warlord | Spotted B-86 Titan 33941 | -5/Warlord | Spotted Striker 33970 | -5/Warlord | Destroyed by Striker with Plasma Lance Last Messages --------------- 33891_ Vortex penetrates E-15 Imp. 33891_ Destroyed Unknown Flight Unit. 33894_ The unstable cave ceiling collapses. 33895_ Vortex penetrates E-15 Imp. 33895_ Entropic reaction triggered in Lgt. Ion Engine. 33895_ E-15 Imp destroyed. 33896_ The unstable cave ceiling collapses. 33930_ ANNOUNCEMENT: MAIN.C reinforcements approaching through caves, arriving soon. 33940_ ANNOUNCEMENT: Detected 4 Grunt squads, with prototype support. 33946_ Neutrino Core destroyed. 33946_ Knocked back. 33947_ Acquired 4 matter. 33963_ The unstable cave ceiling collapses. 33963_ Knocked back. 33963_ Vortex penetrates Striker. 33963_ Vortex penetrates Wall. 33963_ Anti-Ion Cluster explodes. 33966_ Vortex penetrates Striker. 33969_ Destroyed Adv. Heat Sink. Map ----- +----------------------------------------------------+ | | | | | | | | | | | | | | | | | | | | | | | ??????????????????????????????######?????????????? | | ??????????????######??????????#| /#?#####???????? | | ??????????????# !!#??????????#| /#? #???????? | | ############### #??????????# ## #???????? | | + |#????????### ## #???????? | | # ######????##### ####+## #???????? | | # ## ####?# + #???????? | | # ## ### #########???????? | | # ######## # ### #???????????????? | | # ########+# # #???????????????? | | # + # #???????????????? | | # # # #???????????????? | | # # # #???????????????? | | # / # % ######??????????? | | # # # g K@ ## #??????????? | | # # # g ###;#/## # #??????????? | | # ######+######## #??#### ## #??????????? | | # ## ## #### ### #??#""" !# # #??????????? | | # %#??#""X !# #??????????? | | # % #######??#"" ! #####??????????? | | #????????#!! X "# # #???????????? | | #????????#!!"""# # #???????????? | | # ###### ## #????????####### #???????????? | | # #????#### #??????????????# # #???????????? | | #+######### #??????????????# != ####???????????? | | #^ ## #?????????????? %=##?????????????? | | # ## #???????####### # #?????????????? | | # + #???????#""""" ????""???????? | | + # #???????#"""""# ???#""#??????? | | # # #???????#" ="# % ????#""#??????? | | # + #???????#"" ""## #####""#####??? | | # # #???????#"" X# # "" "#### | | # # #???????# # [ # "" """"" | | # + #???????####+# ! # "" """"" | | ####+##### ########?# == + | | #?? ||## === ### %[ +^ ^ | | ## ||## ## % + | | + ||## ### !! +^ ^ | | #### ## ## !#?# # # "" """"" | +----------------------------------------------------+ Best States ------------- Heat Dissipation 75 Energy Generation 19 Energy Capacity 1115 Matter Stores 300 Matter Capacity 300 Sight Range 22 Terrain Scan Density 10 Armor Coverage 225 Resistance: EM 25 Propulsion Shielding 33 Weapon Cycling 15 Phase Shifting 5 Evasion (%) 75 Targeting Accuracy 12 Core Analysis 6 Recoil Reduction 9 Energy Filtering 30 Salvage Targeting 4 Offensive Hacking 24 Authchip Count 1 Item Schematics ----------------- Med. Storage Unit | -10/Materials | Hacked Hcp. Storage Unit | -8/Materials | Hacked Imp. Flight Unit | -8/Materials | Hacked Cld. VTOL Module | -8/Materials | Scanalyzed Mic. Nuclear Core | -8/Materials | Scanalyzed Autogun | -8/Materials | Scanalyzed Flight Unit | -8/Materials | Scanalyzed Mni. Grenade Launcher | -7/Factory | Scanalyzed Imp. Cesium-ion Thruster | -7/Factory | Scanalyzed Minigun | -7/Factory | Scanalyzed Impact Mace | -7/Factory | Scanalyzed Combat Drone Bay | -7/Data Miner | Free Lgt. Regenerative Plating | -7/Data Miner | Free Cld. Cesium-ion Thruster | -7/Data Miner | Free Gravity Neutralizer | -7/Data Miner | Free Ion Burst Cannon | -7/Data Miner | Free Linear Gravjet | -7/Data Miner | Free Mni. Drone Bay | -7/Data Miner | Free Imp. Arc Projector | -7/Data Miner | Free Sml. Storage Unit | -6/Extension | Hacked Robot Schematics ------------------ M-28 Smith | -8/Materials | Hacked R-10 Processor | -7/Data Miner | Free H-55 Commando | -7/Data Miner | Free G-47 Trooper | -7/Data Miner | Free B-48 Gladiator | -7/Data Miner | Free Fabricated ------------ M-28 Smith | x1 | -7/Factory | Authchip M-28 Smith | x1 | -7/Factory | Authchip Minigun | x2 | -7/Factory Cld. Cesium-ion Thruster | x1 | -6/Factory | Authchip M-28 Smith | x1 | -6/Factory Repaired ---------- Hvy. Assault Rifle | 58% | -8/Materials Arm. Treads | 31% | -8/Materials | Broken Minigun | 24% | -7/Factory Propulsion Shielding | 38% | -6/Factory Autogun | 35% | -6/Factory Autogun | 66% | -6/Factory Lgt. Fission Core | 61% | -6/Factory Studied --------- Minigun | -8/Materials | Hacked Hvy. Assault Rifle | -8/Materials | Hacked Flight Unit | -8/Materials | Hacked Gauss Rifle | -7/Factory | Hacked Mic. Nuclear Core | -7/Factory | Hacked Autogun | -6/Factory | Hacked Lgt. Nuclear Core | -6/Factory | Hacked Coil Gun | -6/Factory | Hacked Lgt. Fission Core | -6/Factory | Hacked Mni. Grenade Launcher | -6/Factory | Hacked Alien Tech Used ----------------- None Achievements -------------- Bullet Installation Explosive Keycard Gunslinger I Like You, Cogmind Insider Info Live, Flee, And Rebuild Myspace Reappropriation The Better Part Of Valor Thread The Needle Around The Corner Whoosh! Challenges ------------ None Game ------ Seed ShiftGunThermoblaster Manual? 0 Play Time 08:23:40 Cumulative 222.4 hours Start 2025.11.25 @ 13:10:58 End 2025.11.30 @ 17:50:51 Sessions 23 Manual Loads 0 Difficulty Rogue Special Mode None Game No. 72 Rogue 72 Adventurer 0 Explorer 0 Win Type - Total 1 Types 1/0/0/0/0/0/0/0/0/0 Lore% 53 Gallery% 51 Achievement% 40 Wizard Run 0 Options --------- Layout 0 ASCII 1 Keyboard 1 Movement Arrows Keybinds 0 Fullscreen 1 Font 28/Smallcaps Map View 72x54 Zoom Use 0% Tactical HUD 1 Map Filters NONE Filters NONE Steam 1 RUN: 3402383e-e851-4b00-92e6-5a7184275373